 Dungeon Crawl Stone Soup version 0.22-a0-410-g97be04f (webtiles) character file.

90087 inmateoo the Ripper (level 15, 0/71 HPs)
             Began as a Felid Monk on May 11, 2018.
             Was the Champion of Makhleb.
             Slain by a tyrant leech (21 damage)
             ... on level 4 of the Swamp.
             The game lasted 00:58:53 (31970 turns).

inmateoo the Ripper (Felid Monk)                   Turns: 31970, Time: 00:58:54

Health: 0/71       AC:  3    Str:  8    XL:     15   Next: 51%
Magic:  24/28      EV: 34    Int: 12    God:    Makhleb [******]
Gold:   1576       SH:  0    Dex: 24    Spells: 6/30 levels left
                                        Lives:  0   Deaths: 4

rFire    . . .     SeeInvis +     - Unarmed
rCold    + . .     Gourm    .   (shield unavailable)
rNeg     . . .     Faith    .   (armour unavailable)
rPois    .         Spirit   .   (helmet unavailable)
rElec    .         Reflect  .   (cloak unavailable)
rCorr    .         Harm     .   (gloves unavailable)
MR       ++...                  (boots unavailable)
Stlth    ++++++++++             I - amulet of the acrobat
HPRegen  0.21/turn              m - ring of wizardry
MPRegen  0.21/turn              O - ring of Shadows {Umbra +Inv Stlth+}

@: very slightly contaminated, slowed, wreathed by umbra, invisible, slow
A: very small, no armour, no weapons or thrown items, stealth, claws 1, fangs 3,
see invisible, carnivore, speed 1, shaggy fur 3, slow metabolism 1, sharp paws
a: Minor Destruction, Lesser Servant of Makhleb, Major Destruction, Greater
Servant of Makhleb, Renounce Religion


You were on level 4 of the Swamp.
You worshipped Makhleb.
Makhleb was exalted by your worship.
You were not hungry.

You visited 5 branches of the dungeon, and saw 28 of its levels.
You also visited: Labyrinth.

You collected 2896 gold pieces.
You spent 1320 gold pieces at shops.

Inventory:

Jewellery
 m - a ring of wizardry (left paw)
 n - an uncursed ring of protection from magic
 q - an uncursed ring of resist corrosion
 u - the ring "Faafacw" {rC- MR+++ MP+9 Str-3 Int+4}
   (You found it on level 9 of the Dungeon)

   [ring of magical power]

   It affects your strength (-3).
   It affects your intelligence (+4).
   It makes you vulnerable to cold.
   It affects your resistance to hostile enchantments.
   It affects your magic capacity (+9).
 v - an uncursed ring of positive energy
 E - an uncursed ring of protection from fire
 H - an uncursed ring of flight
 I - an amulet of the acrobat (around neck)
 J - a +5 ring of dexterity
 O - the ring of Shadows (right paw) {Umbra +Inv Stlth+}
   (You bought it in a shop on level 1 of the Snake Pit)

   [ring of stealth]

   It lets you turn invisible.
   It makes you more stealthy.
Wands
 d - a wand of acid (14)
 g - a wand of random effects (92)
 i - a wand of flame (49)
 p - a wand of polymorph (40)
 t - a wand of clouds (1)
 G - a wand of iceblast (11)
 N - a wand of paralysis (18)
Scrolls
 b - 13 scrolls of teleportation
 f - 8 scrolls of amnesia
 k - 12 scrolls of remove curse
 o - 5 scrolls of fog
 y - 8 scrolls of magic mapping
 C - 13 scrolls of identify
 M - 2 scrolls of blinking
 P - a scroll of fear
Potions
 c - 4 potions of agility
 e - 4 potions of flight
 h - 3 potions of might
 j - 2 potions of mutation
 l - 2 potions of cancellation
 r - 2 potions of resistance
 s - 2 potions of magic
 x - a potion of haste
 z - 5 potions of lignification
 A - 2 potions of heal wounds
 D - 3 potions of brilliance
 K - 2 potions of berserk rage
 L - 2 potions of curing
Miscellaneous
 w - a lamp of fire (inert)
 B - a lightning rod (4/4)
 F - a phial of floods (inert)
Comestibles
 a - 44 rations


   Skills:
 + Level 11.6 Fighting
 + Level 14.7 Dodging
 - Level 14.0 Stealth
 + Level 15.4 Unarmed Combat
 - Level 8.0 Spellcasting
 * Level 12.6 Transmutations
 - Level 3.0 Air Magic
 + Level 7.6 Earth Magic
 - Level 4.0 Invocations
 - Level 10.0 Evocations


You had 6 spell levels left.
You knew the following spells:

 Your Spells              Type           Power        Failure   Level  Hunger
a - Statue Form           Tmut/Erth      ####.....    14%         6    #######
b - Swiftness             Chrm/Air       #.......     4%          2    #......
c - Conjure Flame         Conj/Fire      #.......     17%         3    ##.....
d - Mephitic Cloud        Conj/Pois/Air  #.......     12%         3    ##.....
e - Airstrike             Air            ##........   16%         4    ####...
f - Deflect Missiles      Chrm/Air       #.........   99%         6    #######


Dungeon Overview and Level Annotations

Branches:
Dungeon (15/15)            Temple (0/1) D:7            Lair (6/6) D:10
  Swamp (4/4) Lair:2        Snake (1/4) Lair:4        Slime (0/5) Lair:5
    Orc (2/2) D:9             Elf (0/3) Orc:2        Vaults (0/5) D:13
 Depths (0/5) D:15

Altars:
Ashenzari
Cheibriados
Hepliaklqana
Makhleb
Okawaru
Vehumet
Wu Jian
Zin
The Shining One
Beogh

Shops:
D:4 (   D:8 %   D:9 [(   D:11 (   D:12 }   Orc:2 [[*:   Snake:1 (=

Annotations:
D:3 inmateoo's ghost, amateur DEGl
D:15 1 exclusion
Lair:1 exclusion: oklob plant


Innate Abilities, Weirdness & Mutations

You cannot wear armour.
You are incapable of wielding weapons or throwing items.
Your paws allow you to move quietly. (Stealth)
You have sharp claws.
You have razor-sharp teeth.
You have supernaturally acute eyesight. (SInv)
You are carnivorous and can eat meat at any time.
You cover ground quickly.
Your thick and shaggy fur keeps you warm. (AC +3, rC+)
You have a slow metabolism.
Your sharp claws are effective at attacking unaware monsters.


Message History

You catch the helpless tyrant leech completely off-guard!
You eviscerate the tyrant leech!!!
You kill the tyrant leech!
Makhleb accepts your kill. The swamp worm completely misses you.
The tyrant leech closely misses you. x2
Unknown command.
Unknown command.
You miss the tyrant leech. The swamp worm barely misses you.
The tyrant leech closely misses you. The tyrant leech completely misses you.
Unknown command.
Unknown command.
You claw the torpor snail!
The torpor snail is lightly wounded.
The swamp worm throws harpoon shot at the torpor snail.
The harpoon shot misses the swamp worm.
The harpoon shot hits the torpor snail.
The tyrant leech bites you!!
* * * LOW HITPOINT WARNING * * *
The tyrant leech draws strength from your injuries!
The tyrant leech bites you!!
You die...

t≈≈§≈≈#######≈≈≈
.♣♣≈♣≈≈w≈w≈≈≈§§≈
≈§....≈≈≈≈≈≈≈≈≈.≈.
.≈≈≈≈w≈...≈...♣♣≈♣
≈≈.......≈≈..$.≈.
♣ww..<...≈≈§≈≈≈§
(♣♣..≈≈≈.w§≈≈≈...♣
♣≈.≈≈≈≈≈www..♣♣♣♣♣
≈!≈≈≈≈≈≈≈@.♣♣♣
..≈≈≈≈≈≈ww♣♣
≈≈≈≈≈≈≈≈♣♣♣♣♣♣♣♣♣
≈.≈≈≈≈≈.♣..≈≈≈.≈♣
§≈≈≈≈..♣≈≈..≈≈.≈.
≈≈≈≈≈≈♣♣♣<≈≈.≈.#
≈≈≈≈≈. ♣.≈..♣##
§≈≈≈≈. ♣..≈≈#
..≈≈≈. ♣.≈♣♣#


You could see 6 tyrant leeches, 2 torpor snails and 3 swamp worms.

Vanquished Creatures
  2 thorn hunters
  Kirke (D:14)
  A stone giant (Orc:2)
  Nessos (D:14)
  A minotaur (Lab)
  A dire elephant (Lair:5)
  Snorg (D:10)
  A fire dragon (Lair:6)
  Harold (Orc:1)
  5 vault guards (D:13)
  2 naga warriors (Snake:1)
  12 hydras
  2 catoblepae (Lair:6)
  An anaconda (Snake:1)
  A death knight (D:15)
  4 centaur warriors
  13 alligators
  4 tengu warriors
  8 death yaks (Lair:6)
  8 two-headed ogres
  5 orc high priests (Orc:2)
  A naga sharpshooter (Snake:1)
  Sonja (D:13)
  A deep elf knight (D:13)
  5 skeletal warriors (D:13)
  2 spriggan druids
  An unseen horror (D:15)
  2 wizards
  A phantasmal warrior (D:15)
  3 swamp dragons
  5 orc knights (Orc:2)
  Pikel (D:5)
  A lindwurm (Lair:6)
  2 shambling mangroves
  A deep elf mage (D:15)
  9 ugly things
  A wolf spider zombie (D:15)
  3 orc sorcerers
  A necromancer (D:15)
  3 salamanders
  A manticore (Lair:6)
  4 cyclopes
  A wolf spider (Lair:6)
  A manticore (shapeshifter) (D:15)
  6 elephants
  6 centaur zombies
  A guardian serpent (Snake:1)
  7 black mambas
  15 spiny frogs
  3 gargoyles
  3 rime drakes
  2 freezing wraiths (D:15)
  11 komodo dragons
  A yaktaur (D:13)
  A kobold demonologist (D:15)
  3 tengu conjurers
  A harpy zombie (D:15)
  3 trolls
  2 meliai (D:15)
  A wind drake (shapeshifter) (D:14)
  31 slime creatures
  12 hornets
  10 tyrant leeches
  28 blink frogs
  2 dream sheep (Lair:6)
  9 hippogriffs
  5 bog bodies
  2 meliai zombies
  2 shadows
  10 spriggans
  32 yaks
  3 wyverns
  A water elemental (D:11)
  6 basilisks
  3 wraiths
  Eustachio (D:4)
  2 humans
  5 hogs
  8 hungry ghosts
  15 vampire mosquitoes
  3 steam dragons
  3 wargs (Orc:1)
  16 swamp worms
  2 soldier ants
  19 water moccasins
  11 insubstantial wisps
  10 nagas
  2 sky beasts
  9 swamp drakes
  8 porcupines
  A phantom (D:8)
  5 ice beasts
  A black bear (D:9)
  32 orc warriors
  An eye of draining (D:15)
  13 wolves
  15 centaurs
  15 crocodiles
  9 ogres
  A big kobold (D:11)
  15 bullfrogs
  A wyvern skeleton (D:14)
  2 scorpions (D:13)
  17 killer bees
  9 wights
  9 electric eels
  4 howler monkeys
  3 crimson imps
  8 hounds
  7 jellies
  31 orc priests
  A bullfrog skeleton (D:6)
  7 centaur skeletons
  3 iguanas
  Terence (D:3)
  15 orc wizards
  2 worker ants
  A hound skeleton (D:8)
  A howler monkey zombie (D:9)
  A worker ant zombie (D:6)
  9 adders
  11 gnolls
  A shadow imp (D:9)
  3 adder skeletons
  2 worms (D:2)
  9 leopard geckos
  52 orcs
  5 giant cockroaches
  8 goblins
  7 hobgoblins
  13 jackals
  12 kobolds
  5 quokkas
  A ball python (D:4)
  4 bats
  5 frilled lizards
  A leopard gecko zombie (D:5)
  A quokka skeleton (D:4)
  2 rats (D:1)
  2 butterflies (Lair:4)
  A fungus (Lair:6)
  A plant (Lair:6)
848 creatures vanquished.

Vanquished Creatures (collateral kills)
  A manticore (Lair:6)
  A naga mage (D:15)
  A rime drake (Lair:6)
  A meliai (D:15)
  A blink frog (Lair:4)
  A vampire mosquito (D:12)
  A wolf (Lair:6)
7 creatures vanquished.

Vanquished Creatures (others)
  A basilisk (Lair:6)
  An insubstantial wisp (Swamp:3)
  A slave (D:5)
  A bullfrog zombie (D:5)
  An iguana (Lair:6)
  20 fungi
  23 plants
48 creatures vanquished.

Grand Total: 903 creatures vanquished

Notes
Turn   | Place    | Note
-------+----------+-------------------------------------------
     0 | D:1      | inmateoo the Felid Monk began the quest for the Orb.
     0 | D:1      | Reached XP level 1. HP: 10/10 MP: 2/2
   127 | D:1      | Reached XP level 2. HP: 11/14 MP: 3/3
  1129 | D:2      | Reached XP level 3. HP: 17/17 MP: 4/4
  1558 | D:2      | Found a glowing silver altar of Zin.
  1558 | D:2      | Noticed an angel
  2192 | D:3      | Noticed Terence
  2203 | D:3      | Killed Terence
  2203 | D:3      | Reached skill level 4 in Unarmed Combat
  2203 | D:3      | Reached XP level 4. HP: 14/21 MP: 5/5
  2216 | D:3      | Noticed inmateoo's ghost (amateur DEGl)
  2471 | D:4      | Reached skill level 5 in Dodging
  2471 | D:4      | Reached XP level 5. HP: 22/25 MP: 6/6
  2719 | D:4      | Noticed Eustachio
  2725 | D:4      | Killed Eustachio
  2725 | D:4      | Reached skill level 5 in Stealth
  2725 | D:4      | Reached skill level 5 in Unarmed Combat
  2725 | D:4      | Gained mutation: You are covered in thick fur. (AC +2) [Felid growth]
  2725 | D:4      | Reached XP level 6. HP: 28/28 MP: 7/7
  3643 | D:4      | Found Irrunilo's Weapon Boutique.
  3682 | D:4      | Reached XP level 7. HP: 13/33 MP: 8/8
  4063 | D:5      | Entered Level 5 of the Dungeon
  4074 | D:5      | Noticed a hornet
  4080 | D:5      | Killed a hornet
  4080 | D:5      | Reached skill level 6 in Unarmed Combat
  4308 | D:5      | Found an ornate altar of the Wu Jian Council.
  4348 | D:5      | Noticed Pikel
  4363 | D:5      | Killed Pikel
  4363 | D:5      | Reached skill level 5 in Fighting
  4363 | D:5      | Reached XP level 8. HP: 37/37 MP: 8/11
  4405 | D:5      | Reached skill level 7 in Unarmed Combat
  4988 | D:5      | Mangled by an ice beast
  4989 | D:5      | Reached XP level 7. HP: -12/33 MP: 10/10
  5441 | D:6      | Reached XP level 8. HP: 10/38 MP: 10/12
  5907 | D:6      | Found a radiant altar of Vehumet.
  6474 | D:7      | Found a shattered altar of Ashenzari.
  6491 | D:7      | Reached skill level 8 in Unarmed Combat
  6707 | D:7      | Found a burning altar of Makhleb.
  6775 | D:7      | Became a worshipper of Makhleb the Destroyer
  6775 | D:7      | Reached * piety under Makhleb
  6775 | D:7      | Reached ** piety under Makhleb
  6795 | D:7      | Found a staircase to the Ecumenical Temple.
  7034 | D:7      | Reached XP level 9. HP: 41/41 MP: 13/13
  7524 | D:8      | Reached skill level 9 in Unarmed Combat
  7534 | D:8      | Noticed a two-headed ogre
  7574 | D:8      | Killed a two-headed ogre
  7753 | D:8      | Found Memylil's Food Shoppe.
  8233 | D:8      | Found a roughly hewn altar of Beogh.
  8315 | D:8      | Noticed a two-headed ogre
  8316 | D:8      | Reached XP level 10. HP: 30/47 MP: 14/14
  8429 | D:8      | Killed a two-headed ogre
  8429 | D:8      | Reached skill level 1 in Invocations
  8508 | D:8      | Reached *** piety under Makhleb
  8519 | D:8      | Reached skill level 10 in Unarmed Combat
  8519 | D:8      | Reached skill level 5 in Evocations
  8543 | D:8      | Reached skill level 10 in Stealth
  8801 | D:9      | Reached skill level 10 in Dodging
  8881 | D:9      | Found a staircase to the Orcish Mines.
  8881 | D:9      | Found Larhitry's Armour Shoppe.
  8964 | D:9      | Found Suddiz's Weapon Shoppe.
  9038 | D:9      | Found a snail-covered altar of Cheibriados.
  9038 | D:9      | Found a glowing golden altar of the Shining One.
  9279 | D:9      | Found an iron altar of Okawaru.
  9279 | D:9      | Found a hazy altar of Hepliaklqana.
  9350 | D:9      | Reached **** piety under Makhleb
  9592 | D:9      | Noticed a two-headed ogre
  9597 | D:9      | Killed a two-headed ogre
  9690 | D:9      | Got a shimmering copper ring
  9716 | D:10     | Entered Level 10 of the Dungeon
  9718 | D:10     | Reached XP level 11. HP: 51/51 MP: 15/15
  9994 | D:10     | Noticed a two-headed ogre
 10010 | D:10     | Killed a two-headed ogre
 10132 | D:10     | Noticed Snorg
 10150 | D:10     | Killed Snorg
 10150 | D:10     | Reached skill level 11 in Unarmed Combat
 10230 | D:10     | Found a staircase to the Lair.
 11178 | D:11     | Noticed a red ugly thing
 11222 | D:11     | Killed a red ugly thing
 11357 | D:11     | Reached ***** piety under Makhleb
 11462 | D:11     | Found Hutiamev's Antique Weapon Boutique.
 11474 | D:11     | Noticed an unseen horror
 11500 | D:11     | an unseen horror changed into a salamander
 11724 | D:11     | Noticed a two-headed ogre
 11737 | D:11     | Killed a two-headed ogre
 11833 | D:11     | Noticed a two-headed ogre
 11838 | D:11     | Killed a two-headed ogre
 11849 | D:11     | Noticed a two-headed ogre
 11853 | D:11     | Killed a two-headed ogre
 12252 | D:12     | Learned a level 3 spell: Mephitic Cloud
 12329 | D:12     | Reached skill level 12 in Unarmed Combat
 12814 | D:12     | Reached skill level 1 in Spellcasting
 12814 | D:12     | Reached skill level 1 in Air Magic
 13049 | D:12     | Gained mutation: Your thick and shaggy fur keeps you warm. (AC +3, rC+) [Felid growth]
 13049 | D:12     | Reached XP level 12. HP: 56/56 MP: 16/16
 13922 | D:12     | Found Taf Cap's Gadget Emporium.
 13925 | D:12     | Bought a phial of floods for 400 gold pieces
 13925 | D:12     | Bought a wand of acid (8) for 240 gold pieces
 14022 | D:13     | Noticed Sonja
 14026 | D:13     | Killed Sonja
 14045 | D:13     | Noticed a centaur warrior
 14050 | D:13     | Killed a centaur warrior
 14087 | D:13     | HP: 2/57 [skeletal warrior/short sword[a skeletal warrior] (5)]
 14153 | D:13     | Identified the ring "Faafacw" {rC- MR+++ MP+9 Str-3 Int+4} (You found it on level 9 of the Dungeon)
 14259 | D:13     | Noticed a vault guard
 14507 | D:13     | Noticed a vault guard
 14514 | D:13     | Killed a vault guard
 14991 | D:13     | Noticed a vault guard
 14995 | D:13     | Killed a vault guard
 15311 | D:13     | Mangled by a gargoyle
 15312 | D:13     | Reached XP level 11. HP: -8/53 MP: 17/17
 15371 | D:13     | Noticed a vault guard
 15372 | D:13     | Noticed a vault guard
 15386 | D:13     | Killed an orc sorcerer
 15386 | D:13     | Killed a vault guard
 15401 | D:13     | Killed a vault guard
 15401 | D:13     | Reached XP level 12. HP: 57/57 MP: 4/18
 15419 | D:13     | Found a gate to the Vaults.
 15781 | Orc:1    | Entered Level 1 of the Orcish Mines
 15784 | Orc:1    | Noticed a two-headed ogre
 15786 | Orc:1    | Killed a two-headed ogre
 15786 | Orc:1    | Reached skill level 13 in Unarmed Combat
 15944 | Orc:1    | Noticed Harold
 15951 | Orc:1    | Killed Harold
 16217 | Orc:2    | Entered Level 2 of the Orcish Mines
 16222 | Orc:2    | Noticed a stone giant
 16225 | Orc:2    | Mangled by an ogre
 16226 | Orc:2    | Reached XP level 11. HP: -9/54 MP: 17/17
 16282 | Orc:2    | Killed a stone giant
 16429 | Orc:2    | Reached ****** piety under Makhleb
 16491 | Orc:2    | Found a staircase to the Elven Halls.
 16738 | Orc:2    | Noticed an orc high priest
 16746 | Orc:2    | Noticed an orc knight
 16749 | Orc:2    | Killed an orc high priest
 16780 | Orc:2    | Killed an orc knight
 16953 | Orc:2    | Reached skill level 10 in Fighting
 16974 | Orc:2    | Noticed an orc knight
 16975 | Orc:2    | Noticed an orc knight
 16976 | Orc:2    | Noticed an orc high priest
 17047 | Orc:2    | Killed an orc high priest
 17047 | Orc:2    | Reached XP level 12. HP: 58/58 MP: 19/19
 17070 | Orc:2    | Noticed an orc high priest
 17071 | Orc:2    | Noticed an orc high priest
 17395 | Orc:2    | Noticed an orc high priest
 17410 | Orc:2    | Killed an orc high priest
 17515 | Orc:2    | Killed an orc high priest
 17739 | Orc:2    | Killed an orc high priest
 17921 | Orc:2    | Found Miuppoyc's Book Shop.
 17924 | Orc:2    | Found Tuelyfel's Antique Armour Boutique.
 17925 | Orc:2    | Found Payly's Armour Shop.
 17926 | Orc:2    | Found Nosav's Assorted Antiques.
 17932 | Orc:2    | Bought a scroll of identify for 80 gold pieces
 18118 | Lair:1   | Entered Level 1 of the Lair of Beasts
 18189 | Lair:1   | Learned a level 2 spell: Swiftness
 18193 | Lair:1   | Learned a level 3 spell: Conjure Flame
 18520 | Lair:1   | Noticed a six-headed hydra
 18551 | Lair:1   | Killed a six-headed hydra
 19190 | Lair:2   | Found a labyrinth entrance.
 19199 | Lab      | Entered a labyrinth
 19365 | Lab      | Noticed a minotaur
 19373 | Lab      | Killed a minotaur
 19373 | Lab      | Reached XP level 13. HP: 62/62 MP: 17/21
 19378 | Lab      | Identified the Incunabulum of Unstable Summoning
 19580 | Lair:2   | Found a staircase to the Swamp.
 19588 | Lair:2   | Reached skill level 14 in Unarmed Combat
 19839 | Lair:2   | Reached skill level 10 in Evocations
 20585 | Lair:3   | Learned a level 6 spell: Statue Form
 20804 | Lair:3   | Reached skill level 1 in Transmutations
 21570 | Lair:4   | Reached skill level 1 in Earth Magic
 22444 | Lair:4   | Found a staircase to the Snake Pit.
 23272 | Lair:5   | Found a staircase to the Slime Pits.
 23802 | Lair:6   | Entered Level 6 of the Lair of Beasts
 23997 | Lair:6   | Reached XP level 14. HP: 53/67 MP: 22/22
 24448 | Lair:6   | Reached skill level 5 in Transmutations
 24456 | Lair:6   | Reached skill level 5 in Spellcasting
 24842 | Lair:6   | Reached skill level 15 in Unarmed Combat
 25512 | Lair:6   | Identified the Papyrus of the Birds and Boosts
 25519 | Lair:6   | Learned a level 4 spell: Airstrike
 25526 | Lair:6   | Learned a level 6 spell: Deflect Missiles
 27111 | D:14     | Noticed Nessos
 27114 | D:14     | Killed Nessos
 27114 | D:14     | Reached skill level 5 in Earth Magic
 27291 | D:14     | Reached XP level 15. HP: 70/70 MP: 25/25
 27317 | D:14     | Noticed Kirke
 27443 | D:14     | Killed Kirke
 27983 | D:15     | Entered Level 15 of the Dungeon
 28348 | D:15     | Reached skill level 10 in Transmutations
 29065 | D:15     | Found a staircase to the Depths.
 29335 | Snake:1  | Entered Level 1 of the Snake Pit
 29483 | Snake:1  | Found Achocker's Jewellery Emporium.
 29483 | Snake:1  | Found Utwamak's Weapon Shoppe.
 29491 | Snake:1  | Bought the ring of Shadows {Umbra +Inv Stlth+} for 600 gold pieces
 29491 | Snake:1  | Found the ring of Shadows {Umbra +Inv Stlth+}
 29630 | Swamp:1  | Entered Level 1 of the Swamp
 30588 | Swamp:2  | Noticed a thorn hunter
 30609 | Swamp:2  | Killed a thorn hunter
 30815 | Swamp:2  | Demolished by an alligator
 30816 | Swamp:2  | Reached XP level 14. HP: -18/67 MP: 27/27
 30831 | Swamp:2  | Reached XP level 15. HP: 71/71 MP: 23/28
 31277 | Swamp:3  | Noticed a thorn hunter
 31289 | Swamp:3  | Killed a thorn hunter
 31913 | Swamp:4  | Entered Level 4 of the Swamp
 31970 | Swamp:4  | Slain by a tyrant leech

Vault maps used:
D:1:      zaba_arrival_water, lemuel_flame_loot_1
D:2:      zin_angel
D:3:      uniq_terence
D:4:      first_ration, serial_shops, shop, uniq_eustachio
D:5:      kennysheep_mini_moat, minmay_lizard_king, uniq_pikel
D:6:      vehumet_crystals, corexii_shack
D:7:      minmay_temple_entry_glass, basic_altar, ashenzari_altar_1
D:8:      serial_bayou, serial_bayou_pond_c, serial_bayou_shore_a,
          serial_bayou_ford_a, serial_bayou_pond_b, serial_shops,
          nicolae_shop_window_shopping, grunt_livestock,
          david_defended_altar_orc
D:9:      chequers_temple_overflow_statue_of_worship,
          amethyst_overflow_temple_binary, orc_david_3
D:10:     david_lair_shrubbed, uniq_snorg
D:11:     serial_shops, nicolae_shop_stone, minivault_14
D:12:     serial_shops, nicolae_shop_behind_doors
D:13:     grunt_vaults_entry_fortified, uniq_sonja
D:14:     uniq_kirke, uniq_nessos
D:15:     grunt_enter_depths_magical_seal, nicolae_wwwww
Lair:1:   ldierk_geyser, minmay_lair_oklob_chamber, grunt_megastairs_4
Lair:2:   nicolae_swamp_entry_splash_gauntlet, lab_entry_generic,
          hangedman_lair_generics_rect, grunt_megastairs_5
Lair:3:   serial_bayou_lake_a
Lair:4:   minmay_snake_entry_guardpost_medium, lemuel_fruit_fields,
          lemuel_fruit_fields
Lair:5:   dpeg_slime_entry_corner
Lair:6:   guppyfry_lair_end_dragon, hangedman_lair_in_review
Swamp:1:  hangedman_swamp_lotus
Swamp:2:  evilmike_swamp_ruin_house_4
Swamp:3:  nicolae_swamp_rocky_clearing
Swamp:4:  swamp, swamp_pool3, worms_lemuel
Snake:1:  nicolae_large_snake_swirl, minmay_shoptagon
Orc:1:    uniq_harold
Orc:2:    st_orc_pillars
Lab:      labyrinth_watery, nicolae_lab_diamond, labyrinth_skeletal_remains,
          nicolae_lab_arrow

Skill      XL: |  1  2  3  4  5  6  7  8  9 10 11 12 13 14 15 |
---------------+----------------------------------------------+-----
Stealth        | 3 4 5 6 8 9 10 12 13 14 | 14.0
Unarmed Combat | 4 5 6 8 9 10 12 13 14 15 | 15.4
Dodging        | 5 7 8 9 10 11 13 14 | 14.7
Fighting       | 4 5 6 7 10 9 11 | 11.6
Evocations     | 4 3 5 8 9 10 | 10.0
Invocations    | 3 4 |  4.0
Spellcasting   | 1 3 4 6 8 |  8.0
Air Magic      | 1 3 |  3.0
Transmutations | 4 8 12 | 12.6
Earth Magic    | 2 5 7 |  7.6

Action                   |  1- 3 |  4- 6 |  7- 9 | 10-12 | 13-15 || total
-------------------------+-------+-------+-------+-------+-------++-------
Melee: Unarmed           |   118 |   103 |   311 |  1027 |  1512 ||  3071
       Bite              |    11 |    11 |    27 |   123 |   231 ||   403
       Punch             |       |     4 |    12 |    67 |   119 ||   202
 Cast: Mephitic Cloud    |       |       |       |    41 |    11 ||    52
       Conjure Flame     |       |       |       |       |     5 ||     5
       Statue Form       |       |       |       |       |    36 ||    36
Invok: Lesser Servant of |       |       |       |     1 |     1 ||     2
 Abil: End Transformatio |       |       |       |       |     1 ||     1
       Evoke Invisibilit |       |       |       |       |     1 ||     1
Evoke: Wand              |       |       |    24 |    80 |    39 ||   143
       Phial of floods   |       |       |       |     2 |     6 ||     8
       Lamp of fire      |       |       |       |     3 |     6 ||     9
       Lightning rod     |       |       |       |       |    16 ||    16
  Use: Scroll            |     7 |       |     9 |    12 |    10 ||    38
       Potion            |     1 |     2 |     4 |     4 |     5 ||    16
 Stab: Sleeping          |    13 |     3 |     7 |    39 |    45 ||   107
       Distracted        |       |       |     3 |     6 |    11 ||    20
       Paralysed         |       |       |     1 |    14 |     2 ||    17
       Invisible         |       |       |       |     7 |     3 ||    10
       Confused          |       |       |       |    18 |     7 ||    25
       Petrified         |       |       |       |       |     2 ||     2
  Eat: Chunk             |     8 |     4 |    14 |    30 |    60 ||   116
Armor: Skin              |    10 |    16 |    85 |    16 |   203 ||   330
Dodge: Dodged            |   121 |    88 |   266 |   814 |  2458 ||  3747

Table legend:
 A = Spawn XP
 B = Non-spawn XP
 C = Spawn XP percentage of total XP
 D = Spawn monster count
 E = Non-spawn monster count
 F = Spawn count percentage of total count
 G = Total turns spent on level
                    A         B        C        D         E        F      G
               +---------+---------+-------+---------+---------+-------+---------
         Total |       0 |  207947 |   0.0 |       0 |     853 |   0.0 | 31970
               +---------+---------+-------+---------+---------+-------+---------
           D:1 |       0 |      36 |   0.0 |       0 |      21 |   0.0 |  1118
           D:2 |       0 |      53 |   0.0 |       0 |      18 |   0.0 |   877
           D:3 |       0 |      47 |   0.0 |       0 |       7 |   0.0 |   796
           D:4 |       0 |     649 |   0.0 |       0 |      19 |   0.0 |  1576
           D:5 |       0 |    1636 |   0.0 |       0 |      27 |   0.0 |   995
           D:6 |       0 |     766 |   0.0 |       0 |      21 |   0.0 |  1112
           D:7 |       0 |    1376 |   0.0 |       0 |      19 |   0.0 |  1017
           D:8 |       0 |    4104 |   0.0 |       0 |      28 |   0.0 |  1291
           D:9 |       0 |    3311 |   0.0 |       0 |      42 |   0.0 |  1042
          D:10 |       0 |    3648 |   0.0 |       0 |      20 |   0.0 |  1273
          D:11 |       0 |    5842 |   0.0 |       0 |      29 |   0.0 |  1892
          D:12 |       0 |    4329 |   0.0 |       0 |      23 |   0.0 |  1565
          D:13 |       0 |   17264 |   0.0 |       0 |      33 |   0.0 |  2340
          D:14 |       0 |   12868 |   0.0 |       0 |      29 |   0.0 |  1251
          D:15 |       0 |   17960 |   0.0 |       0 |      49 |   0.0 |  1159
        Lair:1 |       0 |    7041 |   0.0 |       0 |      28 |   0.0 |  1074
        Lair:2 |       0 |    6865 |   0.0 |       0 |      29 |   0.0 |  1032
        Lair:3 |       0 |    5760 |   0.0 |       0 |      26 |   0.0 |  1468
        Lair:4 |       0 |    9307 |   0.0 |       0 |      37 |   0.0 |  1318
        Lair:5 |       0 |    2847 |   0.0 |       0 |      11 |   0.0 |   981
        Lair:6 |       0 |   27826 |   0.0 |       0 |      78 |   0.0 |  1833
       Swamp:1 |       0 |    5424 |   0.0 |       0 |      20 |   0.0 |   763
       Swamp:2 |       0 |   18912 |   0.0 |       0 |      43 |   0.0 |   807
       Swamp:3 |       0 |   20268 |   0.0 |       0 |      58 |   0.0 |   713
       Swamp:4 |       0 |    3321 |   0.0 |       0 |      10 |   0.0 |    57
       Snake:1 |       0 |    6883 |   0.0 |       0 |      13 |   0.0 |   209
         Orc:1 |       0 |    3882 |   0.0 |       0 |      19 |   0.0 |   525
         Orc:2 |       0 |   13763 |   0.0 |       0 |      91 |   0.0 |  1702
           Lab |       0 |    1959 |   0.0 |       0 |       5 |   0.0 |   184
               +---------+---------+-------+---------+---------+-------+---------
